 Dungeon Crawl Stone Soup version 0.27-a0-984-g00e00afbbc (webtiles) character file.

Game seed: 3419185548499750211

31 Morbidden the Conjurer (level 2, -1/22 HPs)
             Began as a Demigod Conjurer on Apr 15, 2021.
             Slain by a goblin
             ... wielding a +0 dagger
             ... led by Robin
              (5 damage)
             ... on level 1 of the Dungeon.
             The game lasted 00:01:33 (1153 turns).

Morbidden the Conjurer (Demigod Conjurer)           Turns: 1153, Time: 00:01:33

Health: -1/22      AC:  5    Str:  8    XL:     2   Next: 90%
Magic:  4/7        EV: 11    Int: 20    God:
Gold:   28         SH:  0    Dex: 12    Spells: 1/4 levels left

rFire    + . .     SeeInvis .   e - +0 demon trident
rCold    . . .     Faith    .   (no shield)
rNeg     . . .     Spirit   .   c - +2 leather armour {rF+}
rPois    .         Reflect  .   (no helmet)
rElec    .         Harm     .   (no cloak)
rCorr    .         Rampage  .   (no gloves)
Will     .....                  (no boots)
Stlth    ++........             (no amulet)
HPRegen  0.07/turn              (no ring)
MPRegen  0.10/turn              (no ring)

@: no status effects
A: high mp 1, forlorn
a: no special abilities


You were on level 1 of the Dungeon.
You visited 1 branch of the dungeon, and saw 2 of its levels.

You collected 28 gold pieces.

Inventory:

Hand Weapons
 e - a +0 demon trident (weapon)
Armour
 c - a +2 leather armour of fire resistance (worn)
Scrolls
 b - a scroll of identify {unknown}
 d - a scroll of enchant weapon {unknown}
Potions
 a - 2 potions of attraction {unknown}


   Skills:
 * Level 0.9 Fighting
 + Level 0.2 Polearms
 + Level 0.1 Armour
 * Level 2.0 Dodging
 + Level 1.9 Stealth
 * Level 1.8 Spellcasting
 * Level 4.1 Conjurations


You had one spell level left.
You knew the following spells:

 Your Spells              Type           Power      Damage    Failure   Level
a - Magic Dart            Conj           72%        1d6       4%          1
b - Searing Ray           Conj           36%        3d4       7%          2

Your spell library contained the following spells:

 Spells                   Type           Power      Damage    Failure   Level
 Dazzling Flash           Conj/Hex       20%        N/A       30%         3
 Fulminant Prism          Conj/Hex       5%         3d7       69%         4
 Iskenderun's Mystic Bla  Conj/Tloc      10%        2d4       69%         4


Dungeon Overview and Level Annotations

Branches:
Dungeon (2/15)

Annotations:
D:2 Robin


Innate Abilities, Weirdness & Mutations

Your attributes grow dramatically as you level up.
You have an increased reservoir of magic. (+10% MP)
You shall have no god before yourself.


Message History

The searing ray hits the hobgoblin.
You kill the hobgoblin!
The bat barely misses you.
The goblin unwields a +0 club.
The goblin wields a +0 hunting sling.
The goblin shoots a stone.
The stone hits you.
A goblin comes into view. It is wielding a +0 dagger.
The goblin barely misses you. The goblin hits you but does no damage.
The goblin misses you. The bat hits you but does no damage.
Your Dodging skill increases to level 2!
Unknown command.
Unknown command.
Unknown command.
The bat closely misses you. The goblin hits you but does no damage.
The goblin hits you with a +2 dagger of flaming.
The goblin hits you with a +0 club.
You climb upwards.
There is a stone staircase leading down here.
Unknown command.
Unknown command.
You miss the bat. The bat closely misses you.
The goblin hits you with a +0 dagger. The goblin hits you but does no damage.
The goblin misses you.
Unknown command.
Unknown command.
Unknown command.
The bat hits you but does no damage. The goblin hits you but does no damage.
The goblin hits you with a +0 club.
* * * LOW HITPOINT WARNING * * *
Unknown command.
The bat hits you.
* * * LOW HITPOINT WARNING * * *
The goblin hits you but does no damage.
Unknown command.
The bat closely misses you. The bat hits you.
* * * LOW HITPOINT WARNING * * *
You hit the bat.
You kill the bat!
The goblin hits you with a +0 dagger.
You die...

...#####...>..##.....#
.### #.####.##.....#
...# #.# #.##.#####
.#.# #.# #....# ##.#
#.# #...)# #.# #.#
#....# #.# #.# #....#
#.# #.# ##.#.# #.# #.#
#.g@# ##.# #.# ##gg#
.#.# #.# #..# .#.# #.#
#..# .#.# #.# #.>#
.#)# #.# ##.# .#[# #)#
#.# .#.# #.#######.#
.#.# #.........#


You could see 3 goblins.

Vanquished Creatures
  An orc (D:2)
  2 endoplasms (D:1)
  2 giant cockroaches (D:1)
  7 goblins
  A hobgoblin (D:2)
  3 quokkas
  A ball python (D:1)
  3 bats (D:1)
  3 frilled lizards (D:1)
  2 kobolds (D:1)
  3 rats
28 creatures vanquished.

Vanquished Creatures (others)
  5 plants (D:2)
5 creatures vanquished.

Grand Total: 33 creatures vanquished

Notes
Turn   | Place    | Note
-------+----------+-------------------------------------------
     0 | D:1      | Morbidden the Demigod Conjurer began the quest for the Orb.
     0 | D:1      | Reached XP level 1. HP: 14/14 MP: 5/5
   394 | D:1      | Reached XP level 2. HP: 22/22 MP: 7/7
   410 | D:1      | You fall into a shaft and drop 1 floor!
   418 | D:2      | Reached skill level 4 in Conjurations
   422 | D:2      | Learned a level 2 spell: Searing Ray
  1142 | D:2      | Noticed Robin
  1153 | D:1      | Slain by a goblin

Illustrated notes

Levels and vault maps discovered:
D:1:      dpeg_arrival_shrine, layout_basic,
          hellmonk_ecumenical_altar_crossroads, chequers_serial_rivers_micro_d
D:2:      layout_basic, serial_shops, shop, serial_bayou, serial_bayou_pond_d,
          serial_bayou_pond_e, serial_bayou_pond_a, serial_bayou_pond_c,
          serial_bayou_pond_e, serial_bayou_shore_b, uniq_robin, uniq_terence,
          uniq_natasha

Skill      XL: |  1  2 |
---------------+-------+-----
Conjurations   | 4 |  4.1
Dodging        | 2 |  2.0
Fighting       | |  0.9
Polearms       | |  0.2
Armour         | |  0.1
Stealth        | |  1.9
Spellcasting   | |  1.8

Action                   || total
-------------------------++-------
Melee: Demon trident     ||    30
 Cast: Magic Dart        ||    17
       Searing Ray       ||     2
 Stab: Sleeping          ||     4
Armor: Leather armour    ||    19
Dodge: Dodged            ||    16

Table legend: (Time is in decaauts)
 A = Elapsed time spent in this place.
 B = Non-inter-level travel time spent in this place.
 C = Inter-level travel time spent in this place.
 D = Time resting spent in this place.
 E = Time spent auto-exploring this place.
 F = Levels seen in this place.
 G = Mean time per level.
                   A        B        C        D        E       F      G
               +--------+--------+--------+--------+--------+-----+--------+
         Total |   1163 |   1064 |     99 |      0 |    909 |   2 |  581.5 |
       Dungeon |   1163 |   1064 |     99 |      0 |    909 |   2 |  581.5 |
               +--------+--------+--------+--------+--------+-----+--------+

Top non-repeatable levels by time:
     D:1: 1092 daAuts
     D:2: 71 daAuts
